 Dungeon Crawl Stone Soup version bcrawl-1.12-11-gb93c957c58 (console) character file.

Game seed: 17698718931382345638

51 Lexodia the Skirmisher (level 3, -2/31 HPs)
             Began as a Centaur Archaeologist on July 3, 2019.
             Slain by Sigmund
             ... wielding a +0 scythe
              (11 damage)
             ... on level 2 of the Dungeon.
             The game lasted 00:02:10 (1282 turns).

Lexodia the Skirmisher (Centaur Archaeologist)      Turns: 1282, Time: 00:02:10

Health: -2/31      AC:  9    Str: 14    XL:     3   Next: 58%
Magic:  2/2        EV: 10    Int: 13    God:
Gold:   108        SH:  0    Dex: 12    Spells: 2/2 levels left

rFire    . . .     SeeInvis .   j - +1 spear (pierce)
rCold    . . .     Gourm    .   o - +0 large shield
rNeg     . . .     Faith    .   a - +1 robe
rPois    .         Spirit   .   b - +1 hat
rElec    .         Reflect  .   (no cloak)
rCorr    .         Harm     .   d - +1 pair of gloves
MR       +....                  (no barding)
Stlth    ++........             (no amulet)
HPRegen  0.10/turn              n - +3 ring of slaying
MPRegen  0.08/turn              (no ring)

@: confused, agile, studying Armour, very quick
A: large, hooves 3, deformed body, speed 2, low mp 1, magic resistance 1, shaggy
fur 1, tough skin 3
a: no special abilities


You were on level 2 of the Dungeon.
You were not hungry.

You visited 1 branch of the dungeon, and saw 2 of its levels.

You collected 108 gold pieces.

Inventory:

Hand Weapons
 j - a +1 spear of piercing (weapon)
Armour
 a - a +1 robe (worn)
 b - a +1 hat (worn)
 c - a +1 robe
 d - a +1 pair of gloves (worn)
 o - a +0 large shield (worn)
 q - a +0 cloak
Jewellery
 n - a +3 ring of slaying (left hand)
Scrolls
 k - 2 scrolls of enchant armour {unknown}
 m - a scroll of identify
Potions
 h - a potion of ambrosia
Books
 e - a manual of Armour
Miscellaneous
 f - an ancient crate
Comestibles
 g - 4 rations {!d}


   Skills:
 + Level 3.0 Fighting
 * Level 0.0 Armour
 - Level 2.1 Dodging
 - Level 2.0 Stealth
 + Level 1.1 Shields


You had 2 spell levels left.
You didn't know any spells.
Your spell library was empty.

Dungeon Overview and Level Annotations

Branches:
Dungeon (2/12)

Altars:
Gozag

Annotations:
D:2 Sigmund


Innate Abilities, Weirdness & Mutations

You have hooves in place of feet.
Armour fits poorly on your strangely shaped body.
You cover ground very quickly.
You have extremely tough skin. (AC +3)
Your magical capacity is low. (-10% MP)
You are resistant to hostile enchantments. (MR+)
You are covered in fur. (AC +1)


Message History

You hear some strange, mumbled words.
You are confused.
You are more confused.
You feel invigorated. Something hits you but does no damage.
You bump into the rock wall.
You hear some strange, mumbled words.
A puff of flame appears from out of thin air!
The puff of flame hits you!
A dart slug comes into view.
You hit something.
You feel less invigorated.
You hear some strange, mumbled words.
Something tries to affect you, but you resist.
The dart slug launches a dart at you. The slug dart hits you!
You miss something. Something hits you but does no damage.
You closely miss something. You kick something. Something hits you!
* * * LOW HITPOINT WARNING * * *
Unknown command.
You miss something. Your kick misses something. Something hits you!
You die...

.# #.####### #.#......
##.#....# #.......# #.
#.......# .... #.....#
##.#.#.# .)...
#.{...##.......#
.....###.@........!...#
..>..w..†...%.........#
.........######.......#
..#......# ....#
#......# #.#.#
#......##########.#.#
#...............#...#
##..............'...#
#...[......)...##..#


You could see a dart slug.

Vanquished Creatures
  A howler monkey (D:2)
  A dart slug (D:1)
  A ball python (D:1)
  A goblin (D:1)
  2 hobgoblins (D:1)
  2 jackals (D:1)
  A bat (D:2)
  2 rats (D:1)
11 creatures vanquished.

Notes
Turn   | Place    | Note
-------+----------+-------------------------------------------
     0 | D:1      | Lexodia the Centaur Archaeologist began the quest for the
                  | Orb.
     0 | D:1      | Reached XP level 1. HP: 16/16 MP: 1/1
   344 | D:1      | Reached skill level 2 in Fighting
   348 | D:1      | Reached XP level 2. HP: 22/24 MP: 2/2
   796 | D:2      | Found an opulent altar of Gozag.
   903 | D:2      | Noticed a howler monkey
   915 | D:2      | Killed a howler monkey
   915 | D:2      | Reached skill level 3 in Fighting
   915 | D:2      | Reached skill level 1 in Shields
   915 | D:2      | Reached XP level 3. HP: 20/31 MP: 3/3
  1253 | D:2      | Noticed Sigmund
  1274 | D:2      | Gained mutation: You are resistant to hostile enchantments.
                  | (MR+) [potion of mutation]
  1274 | D:2      | Gained mutation: Your magical capacity is low. (-10% MP)
                  | [potion of mutation]
  1274 | D:2      | Gained mutation: You are covered in fur. (AC +1) [potion of
                  | mutation]
  1282 | D:2      | Slain by Sigmund

Skill      XL: |  1  2 |
---------------+-------+-----
Fighting       | 2 3 |  3.0
Shields        | 1 |  1.1
Dodging        | |  2.1
Stealth        | |  2.0

Action                   || total
-------------------------++-------
Melee: Spear             ||    33
       Unarmed           ||     6
       Kick              ||    10
  Use: Scroll            ||     3
       Potion            ||     3
 Stab: Sleeping          ||     1
Armor: Robe              ||     8
Dodge: Dodged            ||     8
Block: Large shield      ||     4
